 Dungeon Crawl Stone Soup version 0.20.0-10-g0535bb4 (webtiles) character file.

118979 grindst0ne the Warrior (level 16, -2/112 HPs)
             Began as a Gargoyle Fighter on June 7, 2017.
             Was the Champion of Okawaru.
             Slain by a sixfirhy (4 damage)
             ... summoned by an orc sorcerer
             ... while paralysed by an orc sorcerer
             ... on level 2 of the Orcish Mines.
             The game lasted 01:31:19 (29576 turns).

grindst0ne the Warrior (Gargoyle Fighter)          Turns: 29576, Time: 01:31:20

Health: -2/112     AC: 44    Str: 27    XL:     16   Next: 78%
Magic:  21/22      EV:  2    Int: 14    God:    Okawaru [******]
Gold:   1373       SH:  0    Dex: 14    Spells: 15/15 levels left

rFire    + . .     SeeInvis +   E - +9 morningstar "Nalyid" {freeze, rC+ Str+2}
rCold    + . .     Gourm    .   C - +0 shield {rN+}
rNeg     + + .     Faith    .   d - +4 plate armour {rF+}
rPois    ∞         Spirit   .   g - +2 helmet
rElec    +         Reflect  +   S - scarf {repulsion}
rCorr    .         Harm     .   (no gloves)
MR       +....                  D - +0 pair of boots
Stlth    ..........             B - +6 amulet of reflection
Regen    0.3/turn               u - ring of the Suburbs {rPois Str+4 Int+4 SInv}
MPRegen  0.2/turn               T - +4 ring of protection

@: paralysed, heroism, flying, repel missiles
A: big wings, large bone plates 1, negative energy resistance 1, sense
surroundings 1, electricity resistance, unbreathing, petrification resistance,
rot immunity, AC +11
a: Stop Flying, Heroism, Finesse, Renounce Religion


You were on level 2 of the Orcish Mines.
You worshipped Okawaru.
Okawaru was exalted by your worship.
You were not hungry.

You visited 3 branches of the dungeon, and saw 23 of its levels.
You visited the Abyss 1 time.
You also visited: Labyrinth and Ice Cave.

You collected 1800 gold pieces.
You spent 427 gold pieces at shops.

Inventory:

Hand Weapons
 y - a +5 antimagic great mace
 E - the +9 morningstar "Nalyid" (weapon) {freeze, rC+ Str+2}
   (You took it off a frost giant on level 10 of the Dungeon)

   It has been specially enchanted to freeze those struck by it, causing extra
   injury to most foes and up to half again as much damage against particularly
   susceptible opponents.
   It can also slow down cold-blooded creatures.
   It affects your strength (+2).
   It protects you from cold.
 W - the +8 demon whip of a volcano {flame, rElec rPois Int+2}
   (Okawaru gifted it to you on level 14 of the Dungeon)

   It has been specially enchanted to burn those struck by it, causing extra
   injury to most foes and up to half again as much damage against particularly
   susceptible opponents.
   It affects your intelligence (+2).
   It insulates you from electricity.
   It protects you from poison.
Armour
 d - a +4 plate armour of fire resistance (worn)
 g - a +2 helmet (worn)
 C - a +0 shield of positive energy (worn)
 D - a +0 pair of boots (worn)
 S - a scarf of repulsion (worn)
Jewellery
 u - the ring of the Suburbs (left hand) {rPois Str+4 Int+4 SInv}
   (You found it on level 11 of the Dungeon)

   [ring of strength]

   It affects your strength (+4).
   It affects your intelligence (+4).
   It protects you from poison.
   It lets you see invisible.
 w - an uncursed ring of protection from magic
 B - a +6 amulet of reflection (around neck)
 T - a +4 ring of protection (right hand)
 V - an uncursed ring of protection from fire
Wands
 f - a wand of polymorph (7/24)
 i - a wand of acid (0/15)
 k - a wand of digging (1/24)
 m - a wand of flame (25/48)
 s - a wand of acid (4/15)
 G - a wand of iceblast (8/15)
 H - a wand of confusion (24/48)
 O - a wand of digging (9/24)
 X - a wand of iceblast (0/15)
 Z - a wand of paralysis (12/24)
Scrolls
 a - 5 scrolls of magic mapping
 b - 7 scrolls of teleportation
 j - 3 scrolls of holy word
 l - 2 scrolls of fear
 o - 6 scrolls of fog
 r - 2 scrolls of recharging
 v - a scroll of summoning {unknown}
 x - 2 scrolls of enchant armour
 F - 4 scrolls of remove curse
 L - 2 scrolls of vulnerability {unknown}
 N - a scroll of enchant weapon {unknown}
 Q - 4 scrolls of blinking {unknown}
 Y - a scroll of silence {unknown}
Potions
 c - a potion of agility
 e - a potion of might
 n - a potion of invisibility
 q - 7 potions of curing
 A - a potion of heal wounds
 J - a potion of ambrosia {unknown}
 P - 3 potions of lignification
 R - a potion of berserk rage
Miscellaneous
 I - a lamp of fire
Comestibles
 h - 10 meat rations
 p - 9 royal jellies
 t - 20 fruits
 z - 10 bread rations


   Skills:
 - Level 16.8(21.8) Fighting
 + Level 15.9(20.9) Maces & Flails
 + Level 14.9(19.9) Armour
 - Level 7.6(12.6) Dodging
 + Level 8.3(13.3) Shields
 - Level 8.1 Invocations


You had 15 spell levels left.
You didn't know any spells.

Dungeon Overview and Level Annotations

Branches:
Dungeon (15/15)            Temple (0/1) D:7            Lair (6/6) D:11
  Swamp (0/4) Lair:2       Spider (0/4) Lair:2        Slime (0/5) Lair:5
    Orc (2/2) D:11         Vaults (0/5) D:14         Depths (0/5) D:15
    Elf: Orc:2

Altars:
Dithmenos
Elyvilon
Fedhas
Kikubaaqudgha
Makhleb
Okawaru
Trog
Vehumet
Xom
The Shining One
Beogh
Jiyva

Shops:
D:5 *   D:7 [*   D:13 :   Orc:2 (*

Portals:
Hell: Lair:6

Annotations:
D:14 exclusion: downstairs
Lair:5 1 runed door
Lair:6 exclusion: 4 oklob plants


Innate Abilities, Weirdness & Mutations

You are resistant to torment.
Your stone body is resilient. (AC +11)
You are immune to poison.
Your large and strong wings let you fly indefinitely.
You resist negative energy. (rN+)
You are resistant to electric shocks. (rElec)
You can survive without breathing.
You are immune to petrification.
You are immune to rotting.
You are partially covered in large bone plates. (SH +4)
You passively map a small area around you.


Message History

The orc warrior hits you but does no damage.
The ufetubus hits you but does no damage. x2
The ynoxinul hits you but does no damage.
The ufetubus hits you but does no damage. x2
The orc sorcerer hits you but does no damage.
The ogre hits you with a giant spiked club!
* * * LOW HITPOINT WARNING * * *
The ufetubus hits you but does no damage. x2
The orange demon stings you from afar!
* * * LOW HITPOINT WARNING * * *
The orc sorcerer gestures wildly while chanting.
The ynoxinul gestures.
The sixfirhy hits you but does no damage. x3
The ufetubus hits you but does no damage. x2
The troll bites you!
* * * LOW HITPOINT WARNING * * *
The troll claws you.
* * * LOW HITPOINT WARNING * * *
The troll barely misses you. The sixfirhy hits you.
You die...

##..............#.....##
##.#............P.......#
#..............P.P.#....# *
##.#.....P.............#* #
####.....P..........##*
,...#.##..)5....3.......#
,........[5455.8.......##
## *
..#.#.<[o53oo5...P....###.
........53@Tooo.5.P.....#..
.........55Ooo3.5......#.#.
.##.......o45o.Po.....#....
#........o.5.5.......#.#.
**
............#.....#....###
,
............#.(...#........
.##.......##........o......
......# ##..#.#..$.o.o.. *
$.#..........o.


You could see an orc knight, an orange demon, an ice devil, a troll, a sixfirhy,
a smoke demon, 2 ynoxinuls, 3 orc sorcerers, 4 orc warriors, an ogre, an orc
priest, 3 orcs and 14 ufetubi.

Vanquished Creatures
  A tengu reaver (D:14)
  Kirke (D:14)
  3 frost giants
  A fire giant (D:10)
  An orc warlord (Orc:1)
  A ghoul (D:14)
  Louise (D:15)
  A dire elephant (Lair:6)
  A minotaur (Lab)
  The ghost of Yermak the Cleaver, a journeyman DDGl of Makhleb (Lair:5)
  2 rakshasas (D:15)
  Erolcha (D:9)
  9 hydras
  2 yaktaur captains
  4 vault guards (D:14)
  4 centaur warriors
  9 two-headed ogres
  2 death yaks
  An ogre mage (D:13)
  A tengu warrior (D:14)
  An orc high priest (Orc:2)
  A sun demon (Lair:6)
  7 skeletal warriors
  4 unseen horrors
  A deep troll (D:14)
  2 flayed ghosts (D:10)
  A phantasmal warrior (D:14)
  7 orc knights
  A deep elf archer (D:10)
  A wizard (Lair:6)
  2 ugly things
  2 manticores
  5 orc sorcerers
  2 deep elf magi
  2 cyclopes
  A wolf spider (Lair:2)
  An ice statue (IceCv)
  Joseph (D:9)
  An elephant (Lair:6)
  A guardian serpent (shapeshifter) (D:15)
  5 black mambas
  An eye of devastation (shapeshifter) (D:15)
  Maurice (D:9)
  A torpor snail (Lair:6)
  A smoke demon (Lair:6)
  4 gargoyles
  10 spiny frogs
  Psyche (D:9)
  A centaur skeleton (D:15)
  4 kobold demonologists
  10 rime drakes
  6 komodo dragons
  4 ice devils (Lair:6)
  A tengu conjurer (D:14)
  9 trolls
  2 red devils (Lair:6)
  A guardian mummy (D:13)
  A hornet (D:9)
  20 polar bears
  Grinder (D:6)
  16 blink frogs
  A meliai zombie (D:14)
  15 dream sheep
  7 hippogriffs
  8 slime creatures
  3 shadows
  A water elemental (D:15)
  3 wyverns
  52 yaks
  3 redbacks
  2 hungry ghosts
  3 hogs (D:14)
  A hog (shapeshifter) (D:15)
  7 basilisks
  3 vampire mosquitoes (D:14)
  4 wargs
  A soldier ant (D:7)
  An acid dragon (D:13)
  Edmund (D:3)
  A merfolk skeleton (Abyss:1)
  12 water moccasins
  4 hell hounds (Lair:6)
  A hornet zombie (D:9)
  7 porcupines
  4 sky beasts
  4 ice beasts
  28 orc warriors
  9 black bears
  2 phantoms
  An eye of draining (shapeshifter) (D:14)
  4 necrophages
  11 ogres
  23 wolves
  3 boggarts (D:15)
  14 centaurs
  19 crocodiles
  A big kobold (D:12)
  22 bullfrogs
  A water moccasin zombie (D:9)
  6 scorpions
  3 killer bees (D:13)
  9 wights
  An electric eel (Lair:6)
  2 howler monkeys (D:9)
  10 crimson imps
  12 centaur zombies
  3 bullfrog zombies
  2 quasits
  5 jellies
  8 hounds
  18 orc priests
  Ijyb (D:4)
  5 iguanas
  18 orc wizards
  11 worker ants
  A killer bee zombie (D:9)
  A hound zombie (D:6)
  A hound skeleton (D:6)
  A mummy (D:14)
  A worker ant zombie (D:8)
  Robin (D:3)
  14 gnolls
  9 adders
  A howler monkey skeleton (D:8)
  2 shadow imps
  An ooze (D:3)
  2 adder skeletons
  An adder zombie (D:5)
  A dart slug (D:3)
  11 leopard geckos
  87 orcs
  6 bats
  4 giant cockroaches
  12 goblins
  10 hobgoblins
  A quokka (shapeshifter) (D:15)
  A ball python (D:5)
  12 frilled lizards
  A jackal skeleton (D:5)
  15 kobolds
  2 quokka zombies (D:6)
  12 rats
  A fungus (Lair:4)
  A plant (Lair:6)
805 creatures vanquished.

Vanquished Creatures (others)
  A centaur warrior (D:13)
  3 humans (D:14)
  A centaur (D:11)
  A wolf (IceCv)
  An orc (Orc:1)
  8 bushes
  10 fungi
  19 plants
44 creatures vanquished.

Grand Total: 849 creatures vanquished

Notes
Turn   | Place    | Note
-------+----------+-------------------------------------------
     0 | D:1      | grindst0ne the Gargoyle Fighter began the quest for the Orb.
     0 | D:1      | Reached XP level 1. HP: 14/14 MP: 1/1
   115 | D:1      | Reached XP level 2. HP: 19/19 MP: 2/2
   692 | D:2      | Reached XP level 3. HP: 24/24 MP: 3/3
  1045 | D:2      | Reached skill level 4 in Fighting
  1188 | D:2      | Found a shadowy altar of Dithmenos.
  1344 | D:3      | Reached XP level 4. HP: 20/29 MP: 4/4
  1503 | D:3      | Noticed Robin
  1539 | D:3      | Killed Robin
  1915 | D:3      | Reached XP level 5. HP: 32/34 MP: 5/5
  2361 | D:3      | Found an ancient bone altar of Kikubaaqudgha.
  2423 | D:3      | Paralysed by an orc for 4 turns
  2435 | D:3      | Reached skill level 5 in Shields
  2747 | D:3      | Found a shimmering altar of Xom.
  2846 | D:4      | Noticed Edmund
  2885 | D:3      | Gained mutation: You passively map a small area around you. [potion of mutation]
  2885 | D:3      | Gained mutation: You are partially covered in large bone plates. (SH +4) [potion of mutation]
  3190 | D:3      | Killed Edmund
  3190 | D:3      | Reached skill level 5 in Fighting
  3190 | D:3      | Reached XP level 6. HP: 39/40 MP: 6/6
  3411 | D:4      | Noticed Ijyb
  3443 | D:4      | Killed Ijyb
  3736 | D:4      | Found a burning altar of Makhleb.
  3810 | D:3      | Reached XP level 7. HP: 43/44 MP: 7/7
  4256 | D:5      | Entered Level 5 of the Dungeon
  4876 | D:5      | Found an iron altar of Okawaru.
  4893 | D:5      | Reached skill level 6 in Fighting
  4912 | D:5      | Became a worshipper of Warmaster Okawaru
  4978 | D:4      | Reached skill level 5 in Maces & Flails
  5171 | D:5      | Reached XP level 8. HP: 25/52 MP: 8/8
  5654 | D:5      | Found Amoqael's Assorted Antiques.
  5922 | D:5      | Cast into level 1 of the Abyss (orc wizard)
  5971 | Abyss:1  | Noticed a starcursed mass
  5994 | D:5      | Escaped the Abyss
  6006 | D:5      | Reached skill level 7 in Fighting
  6183 | D:5      | Found a bloodstained altar of Trog.
  6351 | D:6      | Found a white marble altar of Elyvilon.
  6439 | D:6      | Reached * piety under Okawaru
  6827 | D:6      | Noticed Grinder
  6858 | D:6      | Reached skill level 8 in Fighting
  6864 | D:6      | Killed Grinder
  6864 | D:6      | Reached XP level 9. HP: 60/60 MP: 9/9
  7267 | D:6      | Reached skill level 1 in Dodging
  7280 | D:6      | Reached ** piety under Okawaru
  7628 | D:5      | Bought a runed great mace for 237 gold pieces
  7711 | D:7      | Reached skill level 9 in Fighting
  7794 | D:7      | Found Cozxadgh's Antique Armour Shoppe.
  7797 | D:7      | Found a staircase to the Ecumenical Temple.
  8658 | D:7      | Found Toitac's General Store.
  8665 | D:7      | Bought a scroll of enchant armour for 82 gold pieces
  8908 | D:8      | Found a glowing golden altar of the Shining One.
  9030 | D:8      | Reached skill level 1 in Invocations
  9075 | D:8      | Noticed a two-headed ogre
  9082 | D:8      | Killed a two-headed ogre
  9082 | D:8      | Reached *** piety under Okawaru
  9082 | D:8      | Reached skill level 10 in Fighting
  9082 | D:8      | Reached XP level 10. HP: 48/68 MP: 4/12
  9909 | D:9      | Found a radiant altar of Vehumet.
 10050 | D:9      | Noticed Joseph
 10070 | D:9      | Killed Joseph
 10221 | D:9      | Reached **** piety under Okawaru
 10283 | D:9      | Noticed Maurice
 10291 | D:9      | Killed Maurice
 10448 | D:9      | Noticed Psyche
 10451 | D:9      | Killed Psyche
 10451 | D:9      | Reached skill level 5 in Invocations
 10480 | D:9      | Noticed Erolcha
 10487 | D:9      | Killed Erolcha
 10487 | D:9      | Reached skill level 11 in Fighting
 10599 | D:9      | Reached ***** piety under Okawaru
 10599 | D:9      | Reached XP level 11. HP: 53/74 MP: 5/15
 10837 | D:9      | Found a blossoming altar of Fedhas.
 10877 | D:9      | Reached skill level 10 in Maces & Flails
 11030 | D:10     | Entered Level 10 of the Dungeon
 11064 | D:10     | Found a runed door.
 11064 | D:10     | Noticed a frost giant
 11064 | D:10     | Noticed an orc knight
 11064 | D:10     | Noticed a yaktaur captain
 11066 | D:10     | Noticed a flayed ghost
 11066 | D:10     | Noticed a flayed ghost
 11066 | D:10     | Noticed a fire giant
 11066 | D:10     | Noticed a deep elf archer
 11066 | D:10     | Noticed a deep elf mage
 12168 | D:10     | Noticed a two-headed ogre
 12171 | D:10     | Killed a two-headed ogre
 12171 | D:10     | Reached skill level 5 in Armour
 12358 | D:11     | Got a heavily runed iron ring
 12360 | D:11     | Identified the ring of the Suburbs {rPois Str+4 Int+4 SInv} (You found it on level 11 of the Dungeon)
 12394 | D:11     | Reached skill level 12 in Fighting
 12621 | D:11     | Noticed a seven-headed hydra
 12625 | D:11     | Noticed an unseen horror
 12629 | D:11     | Killed a seven-headed hydra
 12643 | D:11     | Received a gift from Okawaru
 12651 | D:11     | Killed an unseen horror
 12653 | D:11     | Paralysed by fainting for 6 turns
 12808 | D:11     | Found a staircase to the Orcish Mines.
 12840 | D:11     | Found a staircase to the Lair.
 13003 | D:12     | Noticed an unseen horror
 13014 | D:12     | Killed an unseen horror
 13014 | D:12     | Reached XP level 12. HP: 76/82 MP: 5/16
 13110 | Lair:1   | Entered Level 1 of the Lair of Beasts
 13256 | Lair:1   | Noticed an eight-headed hydra
 13266 | Lair:1   | Killed an eight-headed hydra
 13674 | Lair:1   | Reached skill level 13 in Fighting
 13822 | Lair:2   | Found a labyrinth entrance.
 13829 | Lab      | Entered a labyrinth
 14742 | Lab      | Noticed a minotaur
 14752 | Lab      | Killed a minotaur
 14755 | Lab      | Got a translucent long sword {venom}
 14756 | Lab      | Identified the +5 long sword "Hirou" {venom, rElec MP+9 Str+4 Dex+3} (You took it off a minotaur in a labyrinth)
 14875 | Lab      | Identified the Collected Works on Aerial Summoning
 15370 | Lair:2   | Found a staircase to the Swamp.
 15534 | Lair:2   | Reached ****** piety under Okawaru
 15561 | Lair:2   | Noticed a five-headed hydra
 15566 | Lair:2   | Killed a five-headed hydra
 15748 | Lair:2   | Found a hole to the Spider Nest.
 15856 | Lair:2   | Noticed a six-headed hydra
 15865 | Lair:2   | Killed a six-headed hydra
 15944 | Lair:2   | Received a gift from Okawaru
 15947 | Lair:2   | Got a spiked buckler {god gift}
 15954 | Lair:2   | Identified the +0 buckler of Ungowkuu {Str+3} (Okawaru gifted it to you on level 2 of the Lair of Beasts)
 16021 | Lair:3   | Got a translucent arbalest
 16022 | Lair:3   | Identified the +3 arbalest of the Girdle {venom, rElec rF+ Str+2 Int-2} (You found it on level 3 of the Lair of Beasts)
 16037 | Lair:3   | Reached XP level 13. HP: 87/89 MP: 5/17
 16309 | Lair:3   | Reached skill level 10 in Armour
 16715 | Lair:3   | Reached skill level 14 in Fighting
 17906 | Lair:5   | You fall through a shaft!
 17906 | Lair:6   | Entered Level 6 of the Lair of Beasts
 18028 | Lair:5   | Found a frozen archway.
 18046 | IceCv    | Entered an ice cave
 18827 | IceCv    | Noticed a frost giant
 18836 | IceCv    | Received a gift from Okawaru
 18847 | IceCv    | Killed a frost giant
 18847 | IceCv    | Gained mutation: Your large and strong wings let you fly indefinitely. [Gargoyle growth]
 18847 | IceCv    | Reached XP level 14. HP: 47/96 MP: 4/18
 19352 | Lair:5   | Reached skill level 15 in Fighting
 19535 | Lair:5   | Noticed an azure jelly
 19536 | Lair:5   | Found a runed door.
 19536 | Lair:5   | Found a viscous altar of Jiyva.
 19536 | Lair:5   | Found a staircase to the Slime Pits.
 19536 | Lair:5   | Noticed an azure jelly
 19748 | Lair:5   | Noticed Yermak's ghost (journeyman DDGl)
 19773 | Lair:5   | Killed Yermak's ghost
 20087 | Lair:5   | Received a gift from Okawaru
 20101 | Lair:5   | Got an ancient ring mail {god gift}
 20113 | Lair:5   | Identified the +1 ring mail "Goladesi" {rF+ Stlth+} (Okawaru gifted it to you on level 5 of the Lair of Beasts)
 20590 | D:12     | Found a roughly hewn altar of Beogh.
 21184 | D:13     | Found Milaed Xitu's Book Emporium.
 21734 | D:14     | Noticed a ghoul
 21758 | D:14     | Killed a ghoul
 22209 | D:14     | Reached XP level 15. HP: 89/104 MP: 6/20
 22464 | D:7      | Bought a pair of boots for 108 gold pieces
 22760 | D:14     | Found a gate to the Vaults.
 22791 | D:14     | Received a gift from Okawaru
 22791 | D:14     | Reached skill level 5 in Dodging
 22814 | D:14     | Got a jewelled demon whip {god gift}
 22815 | D:14     | Identified the +8 demon whip of a volcano {flame, rElec rPois Int+2} (Okawaru gifted it to you on level 14 of the Dungeon)
 22950 | D:14     | Noticed Kirke
 22967 | D:14     | Killed Kirke
 23082 | D:14     | Noticed a frost giant
 23082 | D:14     | Noticed a tengu reaver
 23804 | D:13     | Killed a frost giant
 23804 | D:13     | Reached skill level 16 in Fighting
 23968 | D:14     | Killed a tengu reaver
 24156 | D:14     | Received a gift from Okawaru
 24318 | D:15     | Entered Level 15 of the Dungeon
 24409 | D:15     | Noticed Louise
 24435 | D:15     | Killed Louise
 24641 | Orc:1    | Entered Level 1 of the Orcish Mines
 24689 | Orc:1    | Reached skill level 15 in Maces & Flails
 24893 | Orc:2    | Entered Level 2 of the Orcish Mines
 24895 | Orc:2    | Noticed an orc warlord
 25974 | Lair:6   | Reached XP level 16. HP: 83/111 MP: 7/22
 26568 | Lair:6   | Received a gift from Okawaru
 26575 | Lair:6   | Got a faintly glowing flail {god gift}
 26576 | Lair:6   | Identified the +7 flail "Evvykhlaf" {flame, *Drain rElec MR+ Str+6} (Okawaru gifted it to you on level 6 of the Lair of Beasts)
 26601 | Lair:6   | Found a burning altar of Makhleb.
 26924 | Lair:6   | Found a gateway to Hell.
 27320 | D:10     | Got a dazzling morningstar {freeze}
 27321 | D:10     | Identified the +9 morningstar "Nalyid" {freeze, rC+ Str+2} (You took it off a frost giant on level 10 of the Dungeon)
 27335 | D:10     | Identified the Compendium of Doomed Boosts
 27337 | D:10     | Identified the Tome of the Flying Rocks
 27663 | D:15     | Received a gift from Okawaru
 28185 | D:15     | Found a staircase to the Depths.
 29305 | Orc:1    | Received a gift from Okawaru
 29314 | Orc:2    | Found Qunwypp's Antique Weapon Emporium.
 29540 | Orc:2    | Found Micwelef's General Store.
 29569 | Orc:2    | Paralysed by an orc sorcerer for 7 turns
 29576 | Orc:2    | HP: 2/112 [troll (5)]
 29576 | Orc:2    | Slain by a sixfirhy

Skill      XL: |  1  2  3  4  5  6  7  8  9 10 11 12 13 14 15 16 |
---------------+-------------------------------------------------+-----
Shields        | 4 5 6 7 8 |  8.3
Fighting       | 4 5 6 8 10 11 12 13 14 15 16 | 16.8
Maces & Flails | 3 4 5 7 8 9 11 12 13 14 15 | 15.9
Dodging        | 3 4 6 7 |  7.6
Invocations    | 2 5 6 7 8 |  8.1
Armour         | 6 9 11 12 13 14 | 14.9

Action                   |  1- 3 |  4- 6 |  7- 9 | 10-12 | 13-15 | 16-18 || total
-------------------------+-------+-------+-------+-------+-------+-------++-------
Melee: Flail             |   142 |   155 |       |       |       |       ||   297
       Club              |       |   174 |    70 |       |       |       ||   244
       Whip              |       |       |   461 |       |       |       ||   461
       Great mace        |       |       |    58 |   450 |  1303 |   171 ||  1982
       Long sword        |       |       |       |    14 |       |       ||    14
       Morningstar       |       |       |       |       |       |   302 ||   302
Invok: Heroism           |       |       |       |     5 |    12 |     9 ||    26
 Abil: Evoke Berserk Rag |       |       |     3 |       |       |       ||     3
       Fly               |       |       |       |       |     1 |       ||     1
Evoke: Wand              |       |       |     1 |    26 |     9 |       ||    36
       Lamp of fire      |       |       |       |       |     1 |       ||     1
  Use: Scroll            |     9 |     1 |     7 |     6 |     5 |     1 ||    29
       Potion            |       |     5 |     3 |     3 |     1 |     1 ||    13
 Stab: Petrifying        |       |     1 |     1 |       |       |     1 ||     3
       Paralysed         |       |     5 |       |       |       |       ||     5
       Invisible         |       |       |     2 |       |       |       ||     2
  Eat: Chunk             |     2 |     5 |    11 |    19 |    29 |     2 ||    68
       Bread ration      |       |     1 |     1 |       |       |       ||     2
       Fruit             |       |       |     2 |     3 |       |       ||     5
       Meat ration       |       |       |       |     1 |     1 |     2 ||     4
Armor: Scale mail        |    74 |   187 |    64 |       |       |       ||   325
       Plate armour      |       |       |   250 |   485 |  1021 |   286 ||  2042
       Chain mail        |       |       |    11 |       |       |       ||    11
Dodge: Dodged            |    37 |   113 |   104 |   248 |   600 |   160 ||  1262
Block: Shield            |    68 |   283 |   411 |       |       |   349 ||  1111
       Other             |       |       |    12 |   346 |   801 |    69 ||  1228
       Reflection        |       |       |       |    10 |    35 |    12 ||    57
       Rpst.: Long sword |       |       |       |     4 |       |       ||     4
